 Dungeon Crawl Stone Soup version 0.23-a0-417-gf02c810438 (webtiles) character file.

125342 Napalmbreeze the Bludgeoner (level 16, -9/105 HPs)
             Began as a Gargoyle Fighter on Nov 11, 2018.
             Was a High Priest of Okawaru.
             Mangled by a sea snake (12 damage)
             ... on level 2 of the Shoals.
             The game lasted 01:15:13 (27590 turns).

Napalmbreeze the Bludgeoner (Gargoyle Fighter)     Turns: 27590, Time: 01:15:14

Health: -9/105     AC: 33    Str: 24    XL:     16   Next: 95%
Magic:  25/25      EV: 12    Int: 20    God:    Okawaru [*****.]
Gold:   2347       SH: 12    Dex:  9    Spells: 26/28 levels left

rFire    + . .     SeeInvis +   V - +4 eveningstar (protect)
rCold    + . .     Gourm    .   c - +0 shield
rNeg     + . .     Faith    .   N - +0 plate armour
rPois    ∞         Spirit   .   E - +0 hat "Oliung" {+Inv rPois Str+3}
rElec    +         Reflect  .   p - scarf {rC+ rF+}
rCorr    .         Harm     .   k - +0 pair of gloves {archery}
MR       +....                  F - +2 pair of boots
Stlth    ..........             Q - amulet "Quomumia" {RegenMP Str-3 Int+10 Slay+3}
HPRegen  0.27/turn              l - +4 ring of evasion
MPRegen  0.44/turn              S - ring of see invisible

@: flying, slowed, very slow
A: big wings, negative energy resistance 1, electricity resistance, weak 1,
unbreathing, petrification resistance, rot immunity, AC +12
a: Stop Flying, Heroism, Finesse, Renounce Religion, Evoke Invisibility


You were on level 2 of the Shoals.
You worshipped Okawaru.
Okawaru was extremely pleased with you.
You were not hungry.

You visited 5 branches of the dungeon, and saw 26 of its levels.
You also visited: Ice Cave.

You collected 2763 gold pieces.
You spent 416 gold pieces at shops.

Inventory:

Hand Weapons
 o - the +5 lajatang "Xyleogri" {drain, rC+ MR+}
   (Okawaru gifted it to you on level 4 of the Lair of Beasts)

   A truly terrible weapon, it drains the life of those it strikes.
   It protects you from cold.
   It affects your resistance to hostile enchantments.
 A - a +0 demon whip
 V - a +4 eveningstar of protection (weapon)
Missiles
 P - 7 steel javelins (quivered)
 U - 148 arrows
Armour
 c - a +0 shield (worn)
 k - a +0 pair of gloves of archery (worn)
 p - a scarf of resistance (worn)
 t - a scarf of spirit shield
 E - the +0 hat "Oliung" (worn) {+Inv rPois Str+3}
   (Okawaru gifted it to you on level 2 of the Orcish Mines)

   It affects your strength (+3).
   It protects you from poison.
   It lets you turn invisible.
 F - a +2 pair of boots (worn)
 N - a +0 plate armour (worn)
Jewellery
 l - a +4 ring of evasion (left hand)
 M - a +3 ring of strength
 O - an uncursed amulet of regeneration {unknown}
 Q - the amulet "Quomumia" (around neck) {RegenMP Str-3 Int+10 Slay+3}
   (You found it on level 6 of the Lair of Beasts)

   [amulet of magic regeneration]

   It increases your magic regeneration.
   It affects your strength (-3).
   It affects your intelligence (+10).
   It affects your accuracy and damage with ranged weapons and melee attacks
   (+3).
 S - a ring of see invisible (right hand)
Wands
 a - a wand of polymorph (12)
 b - a wand of flame (17)
 j - a wand of iceblast (9)
 m - a wand of acid (24)
 s - a wand of digging (9)
 x - a wand of random effects (64)
 D - a wand of paralysis (8)
 L - a wand of enslavement (6)
Scrolls
 g - 5 scrolls of teleportation
 i - 2 scrolls of amnesia
 q - 8 scrolls of fog
 v - 4 scrolls of fear
 w - 4 scrolls of magic mapping
 y - 6 scrolls of remove curse
 B - a scroll of brand weapon
 G - 8 scrolls of enchant weapon
 J - 2 scrolls of enchant armour {unknown}
 T - 3 scrolls of torment {unknown}
 W - a scroll of summoning {unknown}
Potions
 d - 4 potions of might
 e - 8 potions of curing
 h - 3 potions of mutation
 n - 3 potions of agility
 r - 3 potions of haste
 u - a potion of magic
 z - 3 potions of lignification
 C - 6 potions of brilliance
 H - 2 potions of invisibility
 K - 2 potions of resistance
 X - a potion of heal wounds
Miscellaneous
 I - a lamp of fire
 R - 2 phantom mirrors
Comestibles
 f - 35 rations


   Skills:
 + Level 13.8 Fighting
 - Level 16.0 Maces & Flails
   Level 4.0 Polearms
 + Level 13.8 Armour
 - Level 5.0 Dodging
 - Level 10.1 Shields
 + Level 6.6 Spellcasting
 + Level 6.3 Transmutations
 - Level 8.0 Invocations
 + Level 5.6 Evocations


You had 26 spell levels left.
You knew the following spells:

 Your Spells              Type           Power        Failure   Level  Hunger
s - Sticks to Snakes      Tmut           ####....     19%         2    None

Your spell library contained the following spells:

 Spells                   Type           Power        Failure   Level  Hunger
 Beastly Appendage        Tmut           ####..       12%         1    None
 Spider Form              Tmut/Pois      ###.......   78%         3    #......
 Animate Skeleton         Necr           N/A          85%         1    None
 Apportation              Tloc           #.....       85%         1    None
 Confusing Touch          Hex            #.....       85%         1    None
 Corona                   Hex            #......      85%         1    None
 Summon Small Mammal      Summ           #...         85%         1    None
 Corpse Rot               Necr           N/A          94%         2    None
 Ensorcelled Hibernation  Hex/Ice        #.....       94%         2    None
 Blade Hands              Tmut           ####......   97%         5    #####..
 Confuse                  Hex            #.......     99%         3    #......
 Dazzling Spray           Conj/Hex       #.....       99%         3    #......
 Gell's Gravitas          Tloc           #.........   99%         3    #......
 Tukima's Dance           Hex            #.......     99%         3    #......
 Ice Form                 Ice/Tmut       ###.....     99%         4    ###....
 Petrify                  Tmut/Erth      ###.....     99%         4    ###....
 Agony                    Necr           #.......     100%        5    #####..
 Bolt of Draining         Conj/Necr      #.........   100%        5    #####..
 Dispel Undead            Necr           #.......     100%        5    #####..
 Excruciating Wounds      Chrm/Necr      #.........   100%        5    #####..
 Metabolic Englaciation   Hex/Ice        #.........   100%        5    #####..
 Yara's Violent Unravell  Hex/Tmut       ###.......   100%        5    #####..
 Sublimation of Blood     Necr           Unusable     N/A         2    N/A

Dungeon Overview and Level Annotations

Branches:
Dungeon (15/15)            Temple (1/1) D:4            Lair (6/6) D:8
 Shoals (2/4) Lair:2        Snake (0/4) Lair:2        Slime (0/5) Lair:5
    Orc (2/2) D:9             Elf (0/3) Orc:2        Vaults (0/5) D:13
 Depths (0/5) D:15

Altars:
Ashenzari
Cheibriados
Dithmenos
Elyvilon
Fedhas
Gozag
Hepliaklqana
Kikubaaqudgha
Makhleb
Nemelex Xobeh
Okawaru
Qazlal
Ru
Sif Muna
Trog
Uskayaw
Vehumet
Wu Jian
Xom
Yredelemnul
Zin
The Shining One
Jiyva

Shops:
D:13 *   D:15 ?!*??   Orc:2 (?}%   Shoals:2 (

Portals:
Pandemonium: Orc:2
Trove: D:15 (show abyssal rune of Zot)

Annotations:
Lair:2 3 runed doors, Suz Xeezy's ghost, journeyman VSMo


Innate Abilities, Weirdness & Mutations

You are resistant to torment.
Your stone body is resilient. (AC +12)
You are immune to poison.
Your large and strong wings let you fly indefinitely.
You resist negative energy. (rN+)
You are resistant to electric shocks. (rElec)
You can survive without breathing.
You are immune to petrification.
You are immune to rotting.
You are weak. (Str -2)


Message History

You see here a sling bullet.
The water nymph shouts!
You block the sea snake's attack.
The water nymph flows with the water.
The faun shoots a sling bullet.
The sling bullet hits you!
* * * LOW HITPOINT WARNING * * *
The sea snake closely misses you. You block the sea snake's attack.
Found Puvoam's Weapon Emporium.
You see here a sling bullet.
The water nymph touches you. x2
You block the sea snake's attack. The water nymph casts a spell at you.
The water rises up and strikes you!
* * * LOW HITPOINT WARNING * * *
You block the sea snake's attack. The sea snake barely misses you.
Unknown command.
The water nymph gestures at you while chanting.
The water rises up and strikes you!
* * * LOW HITPOINT WARNING * * *
You block the sea snake's attack. The sea snake bites you!
You die...

..≈≈≈.........## .....
≈..≈≈........?.#.....>....
...≈≈......≈≈≈............
##.≈≈....≈≈≈≈≈.#.........≈.
###≈≈≈≈..≈≈≈≈.≈#.....(...≈≈
# ≈.≈≈≈≈≈≈......).#'# . .
..≈≈≈≈≈)≈.......'∩+... .
....≈≈((†.S.....#+#... .
..#.≈≈≈<)@S≈.......... .
.....≈≈≈†≈m≈(t........ .
##...≈≈≈≈((≈c(......≈≈ .
#....≈≈≈≈((((....$..≈≈ ≈
.....≈≈≈≈(.........≈≈≈ ≈
..≈≈≈≈≈(≈.(.(((....≈≈≈ ≈
.....≈≈≈.#.)(......≈≈≈ ≈
..###≈≈≈≈#######..≈≈≈≈ ≈
#>≈≈≈.# ...≈≈≈


You could see 2 sea snakes, a snapping turtle, a faun and a water nymph.

Vanquished Creatures
  An Ice Fiend (IceCv)
  The ghost of Notair the Severer, a journeyman MiGl of Okawaru (D:14)
  The ghost of feta the Peltast, a journeyman FoFi of Hepliaklqana (D:15)
  An entropy weaver (shapeshifter) (D:15)
  Snorg (Orc:1)
  A merfolk javelineer (Shoals:1)
  2 ogre magi (D:15)
  A vault guard (D:13)
  5 hydras
  4 centaur warriors
  A death knight (D:13)
  6 death yaks
  12 two-headed ogres
  A tengu warrior (D:12)
  5 merfolk avatars
  8 orc high priests (Orc:2)
  2 soul eaters (Orc:2)
  5 skeletal warriors
  3 unseen horrors
  9 slime creatures
  4 sea snakes
  A wizard (D:13)
  3 infernal demonspawn (Orc:2)
  A glowing orange brain (D:15)
  3 harpies (Shoals:2)
  A lindwurm (shapeshifter) (D:15)
  A wolf spider zombie (D:15)
  Pikel (D:5)
  7 orc knights
  3 necromancers (D:13)
  5 ugly things
  An orb spider (shapeshifter) (D:15)
  3 cyclopes
  2 deep elf magi
  3 orc sorcerers (Orc:2)
  7 manticores
  8 fauns
  2 merfolk sirens (Shoals:1)
  15 elephants
  4 centaur zombies
  A black mamba (shapeshifter) (D:13)
  A water nymph (shapeshifter) (D:15)
  2 ice statues (IceCv)
  2 black mambas
  11 spiny frogs
  An orange demon (Orc:2)
  A gargoyle (D:15)
  4 rime drakes (Lair:6)
  2 kobold demonologists (D:12)
  A freezing wraith (D:12)
  An anaconda simulacrum (IceCv)
  2 komodo dragons
  13 ice devils (IceCv)
  A hellwing (Orc:2)
  A meliai (shapeshifter) (D:15)
  13 merfolk
  A wandering mushroom (Lair:6)
  8 polar bears
  7 trolls
  A wind drake (Lair:6)
  4 hornets
  18 blink frogs
  15 hippogriffs
  A centaur simulacrum (D:15)
  2 shadows
  5 wraiths
  4 wyverns
  2 water elementals (Shoals:1)
  2 dire elephant simulacra (IceCv)
  A fire elemental (D:15)
  41 yaks
  A vampire (D:15)
  3 hungry ghosts
  19 humans (D:13)
  A steam dragon (D:12)
  2 vampire mosquitoes (D:13)
  A neqoxec (Orc:2)
  4 basilisks
  Menkaure (D:5)
  2 iron troll simulacra (IceCv)
  2 wargs
  A harpy simulacrum (IceCv)
  9 water moccasins
  A soldier ant (D:11)
  3 nagas (Lair:2)
  An acid dragon (D:11)
  2 hydra simulacra (IceCv)
  8 porcupines
  A black bear (D:7)
  6 ice beasts
  11 sky beasts
  27 orc warriors
  2 ettin simulacra (IceCv)
  11 ogres
  12 wolves
  4 slaves (D:4)
  2 necrophages (D:10)
  6 phantoms
  2 centaurs
  11 crocodiles
  4 big kobolds
  20 bullfrogs
  3 scorpions
  12 wights
  3 howler monkeys
  15 crimson imps
  4 lava snakes (D:15)
  7 hounds
  A jelly (D:9)
  5 centaur skeletons
  21 orc priests
  A gnoll shaman (D:9)
  13 orc wizards
  2 bullfrog skeletons
  2 iguanas
  Ijyb (D:4)
  12 worker ants
  A hound skeleton (D:11)
  15 gnolls
  13 adders
  5 shadow imps
  An ooze (D:3)
  A worm (D:3)
  3 dart slugs
  6 leopard geckos
  81 orcs
  2 ball pythons
  4 giant cockroaches
  10 goblins
  8 hobgoblins
  7 jackals
  2 quokkas
  3 bats
  5 frilled lizards
  A jackal skeleton (D:5)
  A jackal zombie (D:6)
  27 kobolds
  A leopard gecko skeleton (D:4)
  A quokka skeleton (D:7)
  9 rats
  A fire vortex (D:15)
  A fungus (Lair:6)
805 creatures vanquished.

Vanquished Creatures (others)
  An orc wizard (D:14)
  8 bushes (Lair:6)
  7 fungi
  6 plants
22 creatures vanquished.

Grand Total: 827 creatures vanquished

Notes
Turn   | Place    | Note
-------+----------+-------------------------------------------
     0 | D:1      | Napalmbreeze the Gargoyle Fighter began the quest for the
                  | Orb.
     0 | D:1      | Reached XP level 1. HP: 14/14 MP: 1/1
    74 | D:1      | Reached XP level 2. HP: 18/19 MP: 2/2
   758 | D:2      | Reached XP level 3. HP: 23/23 MP: 3/3
  1425 | D:2      | Reached XP level 4. HP: 29/29 MP: 4/4
  1672 | D:3      | Reached skill level 3 in Maces & Flails
  2657 | D:3      | Reached XP level 5. HP: 33/33 MP: 5/5
  2725 | D:4      | Noticed Ijyb
  2750 | D:4      | Killed Ijyb
  2779 | D:4      | Found a stormy altar of Qazlal.
  2779 | D:4      | Found a shimmering altar of Xom.
  2972 | D:4      | Reached skill level 4 in Maces & Flails
  2972 | D:4      | Reached XP level 6. HP: 38/38 MP: 6/6
  3297 | D:4      | Found a staircase to the Ecumenical Temple.
  3306 | Temple   | Entered the Ecumenical Temple
  3724 | D:5      | Entered Level 5 of the Dungeon
  3738 | D:5      | Reached skill level 1 in Polearms
  3738 | D:5      | Reached skill level 1 in Evocations
  3788 | D:5      | Reached XP level 7. HP: 42/44 MP: 7/7
  3844 | D:5      | Reached skill level 5 in Armour
  3848 | D:5      | Reached skill level 5 in Fighting
  3856 | D:5      | Noticed Pikel
  3866 | D:4      | Found a snail-covered altar of Cheibriados.
  4135 | D:5      | Killed Pikel
  4135 | D:5      | Reached XP level 8. HP: 41/51 MP: 8/10
  4328 | D:5      | Noticed Menkaure
  4347 | D:5      | Killed Menkaure
  5170 | D:6      | Reached XP level 9. HP: 34/56 MP: 11/11
  5272 | D:7      | Found a sacrificial altar of Ru.
  5727 | D:7      | Reached skill level 5 in Maces & Flails
  6348 | D:8      | Reached skill level 6 in Maces & Flails
  6548 | D:8      | Found a staircase to the Lair.
  7080 | D:9      | Reached skill level 7 in Maces & Flails
  7224 | D:9      | Reached XP level 10. HP: 56/64 MP: 13/13
  7260 | D:9      | Reached skill level 1 in Dodging
  7447 | D:9      | Found an iron altar of Okawaru.
  7476 | D:9      | Became a worshipper of Warmaster Okawaru
  7494 | D:9      | Noticed a two-headed ogre
  7532 | D:9      | Found a white marble altar of Elyvilon.
  7910 | D:9      | Killed a two-headed ogre
  7910 | D:9      | Reached * piety under Okawaru
  7910 | D:9      | Reached skill level 8 in Maces & Flails
  7972 | D:9      | Found a basalt altar of Yredelemnul.
  8089 | D:9      | Found a staircase to the Orcish Mines.
  8628 | D:10     | Entered Level 10 of the Dungeon
  8830 | D:10     | Reached ** piety under Okawaru
  9287 | D:10     | Reached skill level 1 in Invocations
  9453 | D:10     | Reached skill level 9 in Maces & Flails
  9566 | D:10     | Reached XP level 11. HP: 71/71 MP: 14/14
  9647 | Lair:1   | Entered Level 1 of the Lair of Beasts
  9713 | Lair:1   | Identified a scroll of acquirement
  9828 | Lair:1   | Reached *** piety under Okawaru
  9928 | Lair:1   | Reached skill level 5 in Shields
 10811 | Lair:2   | Got a dazzling short sword
 10822 | Lair:1   | Identified the +3 short sword "Meclipn" {pierce, +Rage rN+
                  | MR+} (You found it on level 2 of the Lair of Beasts)
 10918 | Lair:2   | Reached **** piety under Okawaru
 10987 | Lair:2   | Found a runed gate.
 10989 | Lair:2   | Found a runed gate.
 10989 | Lair:2   | Found a viscous altar of Jiyva.
 10989 | Lair:2   | Found a runed gate.
 10989 | Lair:2   | Noticed Suz Xeezy's ghost (journeyman VSMo)
 10990 | Lair:2   | Found the +7 mace of Variability {chain chaos}
 11296 | Lair:2   | Noticed a six-headed hydra
 11320 | Lair:2   | Killed a six-headed hydra
 11320 | Lair:2   | Reached skill level 10 in Maces & Flails
 11326 | Lair:2   | Reached ***** piety under Okawaru
 11374 | Lair:2   | Found a staircase to the Snake Pit.
 11471 | Lair:2   | Received a gift from Okawaru
 11661 | Lair:2   | Found a staircase to the Shoals.
 11976 | Lair:3   | Reached XP level 12. HP: 77/77 MP: 15/15
 12210 | Lair:3   | Noticed a seven-headed hydra
 12221 | Lair:3   | Killed a seven-headed hydra
 12221 | Lair:3   | Reached skill level 10 in Fighting
 12221 | Lair:3   | Reached skill level 10 in Armour
 12709 | Lair:3   | Received a gift from Okawaru
 13277 | Lair:4   | Received a gift from Okawaru
 13285 | Lair:4   | Got a warped lajatang {god gift}
 13291 | Lair:4   | Identified the +5 lajatang "Xyleogri" {drain, rC+ MR+}
                  | (Okawaru gifted it to you on level 4 of the Lair of Beasts)
 13570 | Lair:4   | Reached skill level 5 in Invocations
 13588 | Lair:4   | Reached skill level 11 in Maces & Flails
 13588 | Lair:4   | Reached skill level 5 in Dodging
 14497 | Lair:5   | Received a gift from Okawaru
 14613 | Lair:5   | Found a viscous altar of Jiyva.
 14614 | Lair:5   | Found a staircase to the Slime Pits.
 14774 | Lair:5   | Reached XP level 13. HP: 79/83 MP: 14/17
 15256 | Lair:6   | Entered Level 6 of the Lair of Beasts
 15500 | Lair:6   | Reached skill level 12 in Maces & Flails
 15777 | Lair:5   | Received a gift from Okawaru
 16642 | Lair:6   | Received a gift from Okawaru
 16926 | Lair:6   | Got a faintly glowing pewter amulet
 16939 | Lair:6   | Identified the amulet "Quomumia" {RegenMP Str-3 Int+10
                  | Slay+3} (You found it on level 6 of the Lair of Beasts)
 16943 | Lair:6   | Learned a level 2 spell: Sticks to Snakes
 17697 | D:11     | Reached skill level 1 in Transmutations
 17704 | D:11     | Reached skill level 1 in Spellcasting
 17715 | D:11     | Gained mutation: Your large and strong wings let you fly
                  | indefinitely. [Gargoyle growth]
 17715 | D:11     | Reached XP level 14. HP: 83/90 MP: 19/19
 17866 | D:11     | Reached skill level 13 in Maces & Flails
 18734 | D:12     | You fall through a shaft!
 18958 | D:13     | Found Aczass's Elemental Accessories.
 19276 | D:13     | Received a gift from Okawaru
 19635 | D:13     | Found a gate to the Vaults.
 19644 | D:13     | Received a gift from Okawaru
 20206 | D:14     | Reached skill level 10 in Shields
 20206 | D:14     | Reached XP level 15. HP: 94/96 MP: 21/21
 20268 | D:14     | Reached skill level 14 in Maces & Flails
 20958 | D:14     | Found a runed gate.
 20959 | D:14     | Found a runed gate.
 20979 | D:14     | Reached ****** piety under Okawaru
 21029 | D:14     | Received a gift from Okawaru
 21097 | D:14     | Found a runed gate.
 21098 | D:14     | Noticed Notair's ghost (journeyman MiGl)
 21140 | D:14     | Killed Notair's ghost
 21419 | D:14     | Got a smoking ring mail
 21430 | D:14     | Identified the +1 ring mail of a ziggurat {Int+4} (You
                  | found it on level 14 of the Dungeon)
 21561 | D:15     | Entered Level 15 of the Dungeon
 21719 | D:15     | Found Duoxka Wikas's Magic Scroll Emporium.
 21834 | D:15     | Found Igivant Sywa's Magic Scroll Shop.
 21977 | D:15     | Found Nymemn's Distillery.
 22048 | D:15     | Found Boquroc's Assorted Antiques.
 22080 | D:15     | Found Oqosy's Magic Scroll Shop.
 22096 | D:15     | Bought a scroll of identify for 26 gold pieces
 22096 | D:15     | Bought a scroll of identify for 26 gold pieces
 22721 | D:15     | Found a runed door.
 22740 | D:15     | Noticed feta's ghost (journeyman FoFi)
 22757 | D:15     | Killed feta's ghost
 22757 | D:15     | Received a gift from Okawaru
 22783 | D:15     | Noticed a storm dragon
 22784 | D:15     | a storm dragon changed into an entropy weaver
 22790 | D:15     | Reached skill level 15 in Maces & Flails
 22873 | D:15     | Found a portal to a secret trove of treasure.
 22878 | D:15     | Reached skill level 5 in Spellcasting
 22944 | D:15     | Reached skill level 5 in Transmutations
 22983 | D:15     | Found a staircase to the Depths.
 23301 | Orc:1    | Entered Level 1 of the Orcish Mines
 23313 | Orc:1    | Noticed Snorg
 23329 | Orc:1    | Killed Snorg
 23411 | Orc:1    | Reached XP level 16. HP: 104/104 MP: 23/23
 23681 | Orc:2    | Entered Level 2 of the Orcish Mines
 23771 | Orc:2    | Found a staircase to the Elven Halls.
 24116 | Orc:2    | Found Jiah's Magic Scroll Shoppe.
 24156 | Orc:2    | Found Juzung's Food Emporium.
 24596 | Orc:2    | Received a gift from Okawaru
 24597 | Orc:2    | Got a spiked hat {god gift}
 24611 | Orc:2    | Identified the +0 hat "Oliung" {+Inv rPois Str+3} (Okawaru
                  | gifted it to you on level 2 of the Orcish Mines)
 24828 | Orc:2    | Gained mutation: You are weak. (Str -2) [a neqoxec]
 24943 | Orc:2    | Found Kairr's Antique Weapon Shop.
 24943 | Orc:2    | Found Kabunow's Gadget Boutique.
 24944 | Orc:2    | Found a one-way gate leading to the halls of Pandemonium.
 24960 | Orc:2    | Bought a wand of acid (10) for 364 gold pieces
 25215 | Shoals:1 | Entered Level 1 of the Shoals
 25428 | Shoals:1 | Found a frozen archway.
 25471 | Shoals:1 | Reached skill level 5 in Evocations
 25486 | IceCv    | Entered an ice cave
 26427 | IceCv    | Noticed an Ice Fiend
 26433 | IceCv    | Killed an Ice Fiend
 27507 | Shoals:2 | Reached skill level 16 in Maces & Flails
 27587 | Shoals:2 | Found Puvoam's Weapon Emporium.
 27590 | Shoals:2 | HP: 3/105 [water nymph/the raging water (12)]
 27590 | Shoals:2 | Mangled by a sea snake

Vault maps used:
D:1:      minmay_arrival_four_loops
D:3:      first_ration
D:4:      nicolae_overflow_hidden_temple, temple_doors_e, serial_glass,
          glass_columns_a, glass_columns_b, feat_on_display, feat_on_display,
          due_unseen_surprise, feat_on_display, hangedman_feature_mirror,
          nrook_uturn, uniq_ijyb
D:5:      uniq_pikel, uniq_menkaure
D:6:      lemuel_old_faithful, uniq_crazy_yiuf_cottage
D:7:      basic_altar
D:8:      david_lair_generic
D:9:      kennysheep_ying_yang, okawaru_gym_becter, david_orc_3, grunt_ogre_cave
D:10:     minmay_misc_feat_diagonals
D:12:     minmay_four_partial_circles, serial_park_tiny_1
D:13:     grunt_vaults_entry_tiered, nicolae_elemental_shop
D:14:     lemuel_upstairs_altar, gammafunk_ghost_hydra_chop,
          minmay_fountain_box, chequers_serial_rivers_marsh, st_stairs_6
D:15:     gammafunk_enter_depths_forms, ebering_ghost_reflecting_pool,
          enter_trove_6, minmay_misc_feat_room, serial_shops, shop, shop,
          nicolae_shop_stone, shop, shop
Temple:   eino_temple_scatter_basement
Lair:2:   elwin_shoals_entry_rocks, guppyfry_snake_entry_island,
          gammafunk_ghost_ooze
Lair:3:   cheibrodos_lair_lostbears
Lair:4:   cheibrodos_lair_caveside_slide
Lair:5:   slime_altar_1
Lair:6:   gammafunk_lair_ancient_temple, minmay_lair_oklob_bushes
Shoals:1: portal_ice_cave_entry_pillars_three
Shoals:2: serial_shops, nicolae_shop_behind_doors
Orc:1:    uniq_snorg
Orc:2:    pf_orc_diabolical
IceCv:    ice_cave_tombish

Skill      XL: |  1  2  3  4  5  6  7  8  9 10 11 12 13 14 15 16 |
---------------+-------------------------------------------------+-----
Maces & Flails | 3 4 7 9 10 11 12 13 15 16 | 16.0
Fighting       | 4 5 6 8 9 10 11 12 13 | 13.8
Armour         | 4 5 6 8 9 10 11 12 13 | 13.8
Shields        | 4 6 7 8 10 | 10.1
Polearms       | 1 2 3 4 |  4.0
Evocations     | 1 2 3 4 5 |  5.6
Dodging        | 3 4 5 |  5.0
Invocations    | 1 4 6 7 8 |  8.0
Transmutations | 1 3 5 6 |  6.3
Spellcasting   | 1 3 5 6 |  6.6

Action                   |  1- 3 |  4- 6 |  7- 9 | 10-12 | 13-15 | 16-18 || total
-------------------------+-------+-------+-------+-------+-------+-------++-------
Melee: Flail             |    92 |    83 |    37 |       |       |       ||   212
       Dagger            |    65 |   201 |       |       |       |       ||   266
       Spear             |       |    32 |   220 |       |       |       ||   252
       Morningstar       |       |       |   186 |   803 |   792 |       ||  1781
       Whip              |       |       |       |    70 |       |       ||    70
       Eveningstar       |       |       |       |       |   711 |   658 ||  1369
Throw: Tomahawk          |       |     4 |     4 |       |       |       ||     8
       Javelin           |       |       |       |     5 |     2 |       ||     7
Invok: Heroism           |       |       |       |     6 |    23 |     8 ||    37
       Finesse           |       |       |       |     1 |     4 |     3 ||     8
 Abil: Fly               |       |       |       |       |     1 |       ||     1
Evoke: Wand              |       |       |       |       |     1 |     8 ||     9
  Use: Scroll            |     2 |     6 |       |     7 |    15 |     3 ||    33
       Potion            |       |       |     2 |     3 |     3 |     2 ||    10
  Eat: Chunk             |     2 |     8 |     4 |    19 |    26 |     5 ||    64
       Ration            |       |       |     2 |     2 |     2 |     3 ||     9
Armor: Scale mail        |    74 |    78 |   171 |   244 |       |       ||   567
       Chain mail        |       |       |       |   181 |    23 |       ||   204
       Plate armour      |       |       |       |       |   646 |   375 ||  1021
Dodge: Dodged            |    62 |   153 |   264 |   499 |   563 |   323 ||  1864
Block: Shield            |    39 |       |       |   411 |   742 |   378 ||  1570
       Buckler           |    15 |    48 |    81 |    28 |       |       ||   172

Table legend:
 A = Non-vault XP
 B = Vault XP
 C = Vault XP percentage of total XP
 D = Non-vault monster count
 E = Vault monster count
 F = Vault count percentage of total count
                 A         B        C        D         E       F
            +---------+---------+-------+---------+---------+-------
      Total |  119018 |   60043 |  33.5 |     617 |     182 |  22.8
            +---------+---------+-------+---------+---------+-------
        D:1 |      29 |       0 |   0.0 |      17 |       0 |   0.0
        D:2 |      53 |       0 |   0.0 |      21 |       0 |   0.0
        D:3 |      84 |       0 |   0.0 |      21 |       0 |   0.0
        D:4 |     279 |      34 |  10.9 |      19 |       2 |   9.5
        D:5 |     383 |     779 |  67.0 |      17 |       2 |  10.5
        D:6 |     772 |       0 |   0.0 |      17 |       0 |   0.0
        D:7 |     425 |       0 |   0.0 |      18 |       0 |   0.0
        D:8 |     772 |     729 |  48.6 |      16 |       4 |  20.0
        D:9 |    2491 |     572 |  18.7 |      26 |       9 |  25.7
       D:10 |    2001 |       0 |   0.0 |      43 |       0 |   0.0
       D:11 |    5178 |       0 |   0.0 |      35 |       0 |   0.0
       D:12 |    3902 |    3823 |  49.5 |      28 |      14 |  33.3
       D:13 |   15662 |    7320 |  31.9 |      62 |      25 |  28.7
       D:14 |    7964 |    2511 |  24.0 |      28 |       3 |   9.7
       D:15 |   23426 |    6151 |  20.8 |      60 |       9 |  13.0
     Lair:1 |    3463 |       0 |   0.0 |      19 |       0 |   0.0
     Lair:2 |    4954 |     470 |   8.7 |      23 |       3 |  11.5
     Lair:3 |    1897 |     865 |  31.3 |       5 |       3 |  37.5
     Lair:4 |    8789 |       0 |   0.0 |      30 |       0 |   0.0
     Lair:5 |    5740 |       0 |   0.0 |      18 |       0 |   0.0
     Lair:6 |    7363 |    8100 |  52.4 |      15 |      24 |  61.5
   Shoals:1 |   14378 |       0 |   0.0 |      30 |       0 |   0.0
   Shoals:2 |    6248 |       0 |   0.0 |      12 |       0 |   0.0
      Orc:1 |     916 |    1168 |  56.0 |      21 |       1 |   4.5
      Orc:2 |    1849 |   17477 |  90.4 |      16 |      57 |  78.1
      IceCv |       0 |   10044 | 100.0 |       0 |      26 | 100.0
            +---------+---------+-------+---------+---------+-------
